 Dungeon Crawl Stone Soup version 0.30.1-4-g462c640d31 (webtiles) character file.

Game seed: 6034795758870730718

196 Gorgoleon the Chopper (level 5, 0/45 HPs)
             Began as a Hill Orc Berserker on Aug 14, 2023.
             Was a Priest of Trog.
             Slain by Natasha (4 damage)
             ... on level 3 of the Dungeon.
             The game lasted 00:05:36 (3530 turns).

Gorgoleon the Chopper (Hill Orc Berserker)          Turns: 3530, Time: 00:05:37

Health: 0/45       AC:  6    Str: 22    XL:     5   Next: 75%
Magic:  5/5        EV: 11    Int:  7    God:    Trog [***...]
Gold:   210        SH:  0    Dex: 10    Spells: 4/4 levels left

rFire   . . .        a - +0 hand axe
rCold   . . .        (no shield)
rNeg    . . .        h - +0 ring mail
rPois   .            g - +1 hat
rElec   .            (no cloak)
rCorr   .            (no gloves)
SInv    .            (no boots)
Will    .....        (no amulet) Stlth
                     (no ring)
HPRegen 0.27/turn    (no ring)
MPRegen 0.09/turn

%: no passive effects
@: slowed, very slow
A: no striking features
a: Renounce Religion, Berserk, Trog's Hand


You were on level 3 of the Dungeon.
You worshipped Trog.
Trog was most pleased with you.
You visited 1 branch of the dungeon, and saw 3 of its levels.

You collected 210 gold pieces.

Inventory:

Hand Weapons
 a - a +0 hand axe (weapon)
Missiles
 d - 36 stones (quivered)
 e - 5 poisoned darts
Armour
 g - a +1 hat (worn)
 h - a +0 ring mail (worn)
Wands
 j - a wand of flame (28)
Scrolls
 c - 2 scrolls of identify {unknown}
 f - 2 scrolls of blinking {unknown}
 i - a scroll of amnesia {unknown}
 k - a scroll of teleportation {unknown}
Potions
 b - 2 potions of attraction {unknown}
 l - a potion of resistance {unknown}
 m - a potion of invisibility
 n - a potion of mutation {unknown}


   Skills:
 - Level 3.6 Fighting
 + Level 7.3 Axes
 - Level 2.0 Throwing
 - Level 2.1 Armour
 - Level 2.0 Dodging


You had 4 spell levels left.
You didn't know any spells.
Your spell library was empty.

Dungeon Overview and Level Annotations

Branches:
Dungeon (3/15)

Altars:
Ashenzari
Nemelex Xobeh

Annotations:
D:3 Natasha


Message History

The bat closely misses you. The bat misses you.
You hit the bat.
You kill the bat!
Trog accepts your kill.
No target in view!
No target in view!
n - a lumpy golden potion You open the door.
There is an open door here.
There is an open door here.
There is a stone staircase leading up here.
Found a book of Touch.
You see here a book of Touch.
Natasha, Servant of Life and Death comes into view.
Natasha hisses angrily.
There is an open door, spattered with blood here.
Natasha drinks a potion.
Natasha flickers and vanishes!
Deactivating autopickup; reactivate with Ctrl-A.
A magic dart appears from out of thin air!
The magic dart hits you.
The cerulean imp hits you but does no damage.
Something claws you but does no damage.
The cerulean imp hits you but does no damage.
Something claws you. Something claws you.
A magic dart appears from out of thin air!
The magic dart hits you.
You hear some strange, mumbled words.
You feel yourself slow down.
The cerulean imp hits you but does no damage.
You barely miss something. Something claws you.
The cerulean imp hits you from afar with a +2 spear.
Something claws you!
You slash something! The cerulean imp closely misses you. Something claws you.
* * * LOW HITPOINT WARNING * * *
You hit something.
The cerulean imp hits you from afar with a +2 spear!
* * * LOW HITPOINT WARNING * * *
Something claws you.
You die...

#.#.##..# ##.......## #..##
#..#....####.........####...###
#.#........'.........'.........
#.......####.........##........
#.####..# #.......###.....###
...# ##.# ##.....## #.#.#.# #
).### ##)# ##...## #.#...# #
.#######..########5## #.###.# #
.#..............@...##
#.....###
...##.##.....##.##...#
#........ .
##.#.##.#.##.#.###.# #####.###
#).#...###...#...#.# #.#
##.#.##.#.##.#.###.# #.#
#..##.##.....##.##...## #.#
#..................#.#######.#
########.#....#..##..........#
######....#..##########


You could see a cerulean imp (summoned).

Vanquished Creatures
  A hound (D:2)
  Natasha (D:3)
  A gnoll (D:1)
  5 adders
  2 worms (D:2)
  A dart slug (D:3)
  12 orcs (D:3)
  3 ball pythons (D:3)
  5 bats
  8 endoplasms
  6 goblins
  6 hobgoblins
  3 jackals (D:2)
  A quokka (D:2)
  6 frilled lizards
  6 kobolds
  2 rats
69 creatures vanquished.

Notes
Turn   | Place    | Note
-------+----------+-------------------------------------------
     0 | D:1      | Gorgoleon the Hill Orc Berserker began the quest for the
                  | Orb.
     0 | D:1      | Reached XP level 1. HP: 19/19 MP: 1/1
   222 | D:1      | Reached XP level 2. HP: 26/26 MP: 2/2
   591 | D:1      | Reached skill level 1 in Throwing
   591 | D:1      | Reached XP level 3. HP: 14/31 MP: 3/3
   986 | D:1      | Reached ** piety under Trog
  1155 | D:2      | Reached skill level 5 in Axes
  1274 | D:2      | Reached XP level 4. HP: 16/39 MP: 4/4
  1874 | D:2      | Reached skill level 6 in Axes
  1960 | D:2      | Found a sparkling altar of Nemelex Xobeh.
  2606 | D:3      | Reached XP level 5. HP: 44/45 MP: 5/5
  2637 | D:3      | Noticed Natasha
  2653 | D:3      | Killed Natasha
  2919 | D:3      | Reached skill level 7 in Axes
  3022 | D:3      | Reached *** piety under Trog
  3073 | D:3      | Found a broken altar of Ashenzari.
  3515 | D:3      | Noticed Natasha
  3530 | D:3      | Slain by Natasha

Illustrated notes

Levels and vault maps discovered:
D:1:      evilmike_arrival_rings, layout_loops_corners, nrook_mini_vaults,
          minmay_domino_2
D:2:      layout_basic, basic_altar, minmay_splitting_lines
D:3:      layout_loops_corners, nicolae_ashenzari_skybound, grunt_ministairs_11,
          minmay_ruptured, uniq_natasha

Skill      XL: |  1  2  3  4  5 |
---------------+----------------+-----
Throwing       | 1 2 |  2.0
Dodging        | 2 |  2.0
Axes           | 5 6 7 |  7.3
Fighting       | |  3.6
Armour         | |  2.1

Action                     |  1- 3 |  4- 6 || total
---------------------------+-------+-------++-------
  Melee: Hand axe          |    92 |   207 ||   299
         Punch             |       |     3 ||     3
   Stab: Sleeping          |     1 |       ||     1
 Armour: Animal skin       |    16 |       ||    16
         Ring mail         |       |    66 ||    66
  Dodge: Dodged            |    56 |    95 ||   151
